 Dungeon Crawl Stone Soup version 0.30.1 (webtiles) character file.

Game seed: 15371314341535417112

100 Destapler the Covered (level 4, 40/40 HPs)
             Began as a Minotaur Fighter on July 1, 2023.
             Was a Follower of Sif Muna.
             Got out of the dungeon alive.
             The game lasted 00:04:44 (1957 turns).

Destapler the Covered (Minotaur Fighter)            Turns: 1957, Time: 00:04:45

Health: 40/40      AC:  7    Str: 22    XL:     4   Next: 46%
Magic:  3/3        EV:  9    Int:  5    God:    Sif Muna [*.....]
Gold:   142        SH:  4    Dex: 10    Spells: 3/3 levels left

rFire   . . .        a - +0 war axe
rCold   . . .        c - +0 buckler
rNeg    . . .        b - +0 scale mail
rPois   .            (helmet restricted)
rElec   .            (no cloak)
rCorr   .            (no gloves)
SInv    .            (no boots)
Will    .....        (no amulet) Stlth
                     (no ring)
HPRegen 0.26/turn    (no ring)
MPRegen 0.08/turn

%: no passive effects
@: no status effects
A: horns 2, retaliatory headbutt
a: Renounce Religion, Channel Magic


You escaped.
You worshipped Sif Muna.
Sif Muna was aware of your devotion.
You visited 1 branch of the dungeon, and saw 2 of its levels.

You collected 142 gold pieces.

Inventory:

Hand Weapons
 a - a +0 war axe (weapon)
Missiles
 i - 4 javelins
 n - 2 stones (quivered)
 r - 5 poisoned darts
Armour
 b - a +0 scale mail (worn)
 c - a +0 buckler (worn)
Scrolls
 e - 4 scrolls of identify {unknown}
 j - a scroll of noise {unknown}
 l - a scroll of fear {unknown}
 m - a scroll of enchant armour {unknown}
 q - a scroll of poison {unknown}
 s - a scroll of fog {unknown}
 t - a scroll of torment {unknown}
Potions
 d - 2 potions of might
 f - a potion of magic {unknown}
 g - a potion of degeneration {unknown}
 h - 2 potions of curing {unknown}
 k - a potion of invisibility {unknown}
 o - 2 potions of cancellation {unknown}
 p - a potion of heal wounds {unknown}


   Skills:
 + Level 4.1 Fighting
 * Level 3.9 Axes
 + Level 1.1 Throwing
 + Level 4.1 Armour
 + Level 1.2 Dodging
 + Level 4.0 Shields


You had 3 spell levels left.
You didn't know any spells.
Your spell library contained the following spells:

 Spells                   Type           Power      Damage    Failure   Level
 Sandblast                Erth           0%         2d4       86%         1
 Blink                    Tloc           0%         N/A       94%         2
 Lesser Beckoning         Tloc           0%         N/A       94%         2
 Momentum Strike          Conj/Tloc      0%         3d8       94%         2
 Passwall                 Tmut/Erth      0%         N/A       94%         2
 Stone Arrow              Conj/Erth      0%         3d7       99%         3


Dungeon Overview and Level Annotations

Branches:
Dungeon (2/15)

Altars:
Sif Muna


Innate Abilities, Weirdness & Mutations

You have a pair of horns on your head.
You reflexively headbutt those who attack you in melee.


Message History

Robin is nearby!
Items here: $ ))) †††.
Robin says, "My goblins will feast on your bones."
Robin hits you with a +0 dagger.
You closely miss Robin. You headbutt Robin!
Robin is heavily wounded.
Robin hits you but does no damage.
You slash Robin!
You kill Robin!
No target in view!
Things that are here:
a +0 dagger; a +0 animal skin; a +0 helmet HP restored.
You now have 142 gold pieces (gained 7).
Items here: ))) †††.
Found a faded altar of an unknown god.
There is a faded altar of an unknown god here.
This altar belongs to (a) Sif Muna, (b) Dithmenos or (c) Vehumet, but you can't tell which.
Press the corresponding letter to learn more about a god, or press enter to convert or escape to cancel.
Sif Muna accepts your prayer! Sif Muna welcomes you!
You can now call upon Sif Muna for magical energy.
(D) Dungeon
Where to? (Enter - D:1 @ (x,y), ? - help)
Things that are here:
a +0 dagger; a +0 animal skin; a +0 helmet
Items here: ))) †††.
Things that are here:
a +0 dagger; a +0 dagger
There is a stone staircase leading up here.
You climb upwards.
There is a stone staircase leading down here.
(D) Dungeon
Where to? (Enter - D:1, ? - help)
Okay, then.
There is a stone staircase leading down here.
You see here a +0 dagger.
There is an empty arch of ancient stone here.
There is a staircase leading out of the dungeon here.
Are you sure you want to leave the Dungeon?
This will make you lose the game!
You have escaped!

##.#...##.#..................^..
#.#.#.#....>.....⌠#............
#.#.#.##.....♣♣♣..#......####..
#.#.#.##...♣♣♣♣♣♣♣..####.####.#
#.#.#.....♣♣♣∩∩∩♣♣♣.## #.......
#.#.#......♣∩...∩♣♣..# ######.#
#.#.#....♣♣......♣♣♣.# ######.#
#.#.#....♣♣∩.♣.♣.∩♣♣.# #.......
#.#.#....♣♣∩.♣@♣.....# #.......
#.#.#....♣♣∩.♣.♣.∩♣♣.###.......
#...#....♣♣♣.....♣♣♣...#.......
#######.......∩...∩♣♣..#.........
#.......#÷#..♣♣∩∩∩♣♣♣.####.......
#.#####.#.#..♣♣♣♣♣♣♣.## ######.#
#.# #........♣♣♣..## #.#
#.#######.#.#>.....># #.#
..........#.######### #.#


There were no monsters in sight!

Vanquished Creatures
  Robin (D:2)
  3 worms (D:2)
  5 dart slugs
  3 ball pythons (D:1)
  5 bats
  5 endoplasms
  A giant cockroach (D:1)
  12 goblins
  9 hobgoblins
  6 quokkas
  4 frilled lizards
  5 kobolds
  5 rats
64 creatures vanquished.

Notes
Turn   | Place    | Note
-------+----------+-------------------------------------------
     0 | D:1      | Destapler the Minotaur Fighter began the quest for the Orb.
     0 | D:1      | Reached XP level 1. HP: 19/19 MP: 0/0
    81 | D:1      | Reached XP level 2. HP: 27/27 MP: 1/1
   642 | D:1      | Reached XP level 3. HP: 27/33 MP: 2/2
  1489 | D:2      | Reached skill level 1 in Dodging
  1634 | D:2      | Reached XP level 4. HP: 40/40 MP: 3/3
  1711 | D:2      | Reached skill level 1 in Throwing
  1784 | D:2      | Noticed Robin
  1854 | D:2      | Killed Robin
  1872 | D:2      | Found a faded altar of an unknown god.
  1876 | D:2      | Prayed at the altar of an unknown god.
  1876 | D:2      | Became a worshipper of Sif Muna the Loreminder
  1876 | D:2      | Reached * piety under Sif Muna
  1957 | D:$      | Got out of the dungeon alive.

Illustrated notes

Levels and vault maps discovered:
D:1:      heliophobic_arrival_henge, layout_basic,
          hangedman_abyss_or_decor_stabs, st_stairs_12
D:2:      layout_basic, chequers_ecumenical_altar_simple_redux, minmay_cut_off,
          uniq_robin

Skill      XL: |  1  2  3  4 |
---------------+-------------+-----
Axes           | 3 |  3.9
Fighting       | 4 |  4.1
Armour         | 4 |  4.1
Dodging        | 1 |  1.2
Shields        | 4 |  4.0
Throwing       | 1 |  1.1

Action                     |  1- 3 |  4- 6 || total
---------------------------+-------+-------++-------
  Melee: War axe           |   107 |    24 ||   131
         Headbutt          |    14 |    11 ||    25
  Throw: Stone             |    19 |     2 ||    21
 Armour: Scale mail        |    42 |    15 ||    57
  Dodge: Dodged            |    42 |     7 ||    49
  Block: Buckler           |    27 |     4 ||    31
